 Dungeon Crawl Stone Soup version 0.18.1-50-g88ac8fd (webtiles) character file.

417 Apert the Shield-Bearer (level 6, -1/53 HPs)
             Began as a Hill Orc Fighter on Sept 14, 2016.
             Was an Initiate of Makhleb.
             Slain by a gnoll sergeant
             ... wielding a +1 spear of venom
              (9 damage)
             ... on level 4 of the Dungeon.
             The game lasted 00:10:40 (3550 turns).

Apert the Shield-Bearer (Hill Orc Fighter)          Turns: 3550, Time: 00:10:42

Health: -1/53      AC:  8    Str: 21    XL:     6   Next: 92%
Magic:  6/6        EV:  8    Int: 13    God:    Makhleb [......]
Gold:   238        SH:  0    Dex: 10    Spells: 0 memorised, 5 levels left

rFire  . . .     SeeInvis .     a - +0 flail
rCold  . . .     Gourm    .     b - +0 scale mail
rNeg   . . .     Faith    .     c - +0 shield
rPois  .         Spirit   .     (no helmet)
rElec  .         Dismiss  .     (no cloak)
rCorr  .         Reflect  +     k - +0 pair of gloves
SustAt .         Harm     .     (no boots)
MR     .....                    s - +3 amulet of reflection (curse)
Stlth  ..........               (no ring)
                                l - ring of stealth

@: confused, brilliant, lethally poisoned (-1 -> -23), not resistant to hostile
enchantments, extremely unstealthy
A: no striking features
a: Renounce Religion


You were on level 4 of the Dungeon.
You worshipped Makhleb.
Makhleb was noncommittal.
You were not hungry.

You visited 2 branches of the dungeon, and saw 5 of its levels.

You collected 238 gold pieces.

Inventory:

Hand Weapons
 a - a +0 flail (weapon)
Armour
 b - a +0 scale mail (worn)
 c - a +0 shield (worn)
 k - a +0 pair of gloves (worn)
Jewellery
 l - a ring of stealth (left hand)
 s - a cursed +3 amulet of reflection (around neck)
Wands
 g - a wand of disintegration (15/24)
Scrolls
 h - a scroll of noise
 i - a scroll of remove curse
 p - a scroll of magic mapping
 t - a scroll of fog
 u - 3 scrolls of amnesia {unknown}
 w - 2 scrolls of blinking
 y - a scroll of immolation
Potions
 d - 2 potions of might
 m - a potion of brilliance
 o - a potion of invisibility {unknown}
 v - a potion of resistance {unknown}
 x - a potion of haste {unknown}
Books
 n - a book of Transfigurations

   Spells                             Type                      Level
   a - Irradiate                      Conjuration/Transmutation    5
   b - Statue Form                    Transmutation/Earth          6
   c - Hydra Form                     Transmutation                6
   d - Dragon Form                    Transmutation                7
Comestibles
 f - a bread ration
 j - 2 chunks of flesh
 q - 3 fruits


   Skills:
 + Level 4.5 Fighting
 + Level 3.1 Maces & Flails
 + Level 4.8 Armour
 + Level 2.2 Dodging
 + Level 0.6 Stealth
 + Level 5.4 Shields


You had 5 spell levels left.
You didn't know any spells.

Dungeon Overview and Level Annotations

Branches:
Dungeon (4/15)             Temple (1/1) D:4

Altars:
Ashenzari
Cheibriados
Gozag
Kikubaaqudgha
Makhleb
Nemelex Xobeh
Pakellas
Ru
Trog
Vehumet
Yredelemnul
Zin
The Shining One

Annotations:
D:4 Edmund, Sigmund


Message History

The gnoll sergeant is moderately wounded.
You feel sick. The gnoll hits you with a spear.
* * * LOW HITPOINT WARNING * * *
The gnoll sergeant hits you with a spear of venom.
* * * LOW HITPOINT WARNING * * *
You are more poisoned.
Drink which item? (? for menu, Esc to quit)
It was a potion of brilliance.
You feel clever all of a sudden.
* * * LOW HITPOINT WARNING * * *
You feel very sick. You block the gnoll's attack.
You block the gnoll sergeant's attack.
Drink which item? (? for menu, Esc to quit)
It was a potion of ambrosia.
You are confused.
You feel invigorated.
* * * LOW HITPOINT WARNING * * *
You feel sick. The gnoll barely misses you.
The gnoll sergeant hits you with a spear of venom!
You die...

..#.#...#.....#
........#.....#
.....#..#.....#
##+###'##.....###
................##
..............#..#####
............≈≈≈≈.≈≈≈≈#
............≈##≈.≈##≈#
............≈###@##
#....#####'#≈≈#.gg#
#....#..('..≈≈#...#
#....#...#..≈≈#.$.#
#..).#####..≈######
#........#..≈##≈≈≈
#####....#..≈≈≈≈≈≈
#....#....####
#....#....#


You could see a gnoll sergeant and a gnoll.

Vanquished Creatures
  An ogre (D:4)
  A howler monkey (D:3)
  Jessica (D:3)
  A centaur skeleton (D:4)
  An iguana (D:4)
  A worker ant (D:4)
  Ijyb (D:2)
  2 gnolls (D:4)
  8 adders
  2 worms
  2 dart slugs
  3 giant geckos
  An orc (D:3)
  5 giant cockroaches
  6 goblins
  9 hobgoblins
  3 quokkas
  6 bats
  3 giant newts
  6 kobolds
  9 rats
72 creatures vanquished.

Notes
Turn   | Place    | Note
--------------------------------------------------------------
     0 | D:1      | Apert the Hill Orc Fighter began the quest for the Orb.
     0 | D:1      | Reached XP level 1. HP: 19/19 MP: 1/1
   256 | D:1      | Reached XP level 2. HP: 27/27 MP: 2/2
  1128 | D:2      | Reached XP level 3. HP: 33/33 MP: 3/3
  1462 | D:2      | Reached skill level 4 in Shields
  1462 | D:2      | Reached XP level 4. HP: 26/40 MP: 4/4
  1999 | D:3      | Noticed Jessica
  2011 | D:4      | Noticed Edmund
  2024 | D:3      | Killed Jessica
  2024 | D:3      | Reached skill level 1 in Dodging
  2024 | D:3      | Reached XP level 5. HP: 32/46 MP: 5/5
  2169 | D:3      | Found an ancient bone altar of Kikubaaqudgha.
  2288 | D:3      | Noticed Ijyb
  2336 | D:2      | Killed Ijyb
  2717 | D:4      | Found a staircase to the Ecumenical Temple.
  2753 | D:4      | Reached skill level 5 in Shields
  2753 | D:4      | Reached XP level 6. HP: 21/53 MP: 6/6
  3172 | Temple   | Entered the Ecumenical Temple
  3254 | Temple   | Became a worshipper of Makhleb the Destroyer
  3309 | D:4      | Noticed Sigmund
  3550 | D:4      | Slain by a gnoll sergeant

Skill      XL: |  1  2  3  4  5  6 |
---------------+-------------------+-----
Armour         | 4 |  4.8
Fighting       | 4 |  4.5
Shields        | 4 5 |  5.4
Dodging        | 1 2 |  2.2
Maces & Flails | 3 |  3.1
Stealth        | |  0.6

Action                   |  1- 3 |  4- 6 || total
-------------------------+-------+-------++-------
Melee: Flail             |   121 |   259 ||   380
  Use: Scroll            |       |     8 ||     8
       Potion            |       |     2 ||     2
  Eat: Chunk             |     2 |     4 ||     6
       Meat ration       |       |     1 ||     1
Armor: Scale mail        |    57 |    94 ||   151
Dodge: Dodged            |    31 |   110 ||   141
Block: Shield            |    54 |   212 ||   266
       Reflection        |       |     4 ||     4
